 Dungeon Crawl Stone Soup version 0.28.0-53-g5a82cb258f (webtiles) character file.

Game seed: 1065464359102845718

1641 Zeld the Thaumaturge (level 8, 0/41 HPs)
             Began as a Deep Elf Fire Elementalist on May 22, 2022.
             Slain by a river rat (8 damage)
             ... on level 5 of the Dungeon.
             The game lasted 00:06:00 (6296 turns).

Zeld the Thaumaturge (Deep Elf Fire Elementalist)   Turns: 6296, Time: 00:06:01

Health: 0/41       AC:  2    Str:  5    XL:     8   Next: 66%
Magic:  22/22      EV: 14    Int: 23    God:
Gold:   181        SH:  0    Dex: 15    Spells: 18/24 levels left

rFire   + . .      SeeInvis .   (no weapon)
rCold   + . .      Faith    .   (no shield)
rNeg    . . .      Spirit   .   a - +0 robe
rPois   .          Reflect  .   (no helmet)
rElec   .          Harm     .   k - scarf {rC+ rF+}
rCorr   .          Rampage  .   (no gloves)
Will    .....                   (no boots)
Stlth   ++........              (no amulet)
HPRegen 0.13/turn               (no ring)
MPRegen 0.18/turn               (no ring)

@: no status effects
A: no striking features
a: no special abilities


You were on level 5 of the Dungeon.
You visited 1 branch of the dungeon, and saw 7 of its levels.

You collected 181 gold pieces.

Inventory:

Armour
 a - a +0 robe (worn)
 k - a scarf of resistance (worn)
Jewellery
 i - a ring of protection from fire
 m - a ring of fire
Wands
 e - a wand of mindburst (16)
 p - a wand of flame (9)
Scrolls
 b - 7 scrolls of identify {unknown}
 c - a scroll of magic mapping {unknown}
 d - a scroll of acquirement {unknown}
 f - 3 scrolls of teleportation {unknown}
 g - a scroll of immolation {unknown}
 r - a scroll of enchant weapon {unknown}
Potions
 h - a potion of might {unknown}
 j - a potion of cancellation {unknown}
 l - a potion of lignification {unknown}
 n - a potion of degeneration {unknown}
 o - a potion of heal wounds {unknown}
 q - a potion of curing {unknown}


   Skills:
 + Level 5.7 Dodging
 - Level 2.4 Stealth
 * Level 8.5 Spellcasting
 + Level 4.5 Conjurations
 - Level 4.0 Hexes
 * Level 7.4 Fire Magic


You had 18 spell levels left.
You knew the following spells:

 Your Spells              Type           Power      Damage    Failure   Level
a - Foxfire               Conj/Fire      100%       2x1d9     1%          1
b - Scorch                Fire           88%        2d9       1%          2
c - Inner Flame           Hex/Fire       36%        N/A       1%          3

Your spell library contained the following spells:

 Spells                   Type           Power      Damage    Failure   Level
 Conjure Flame            Conj/Fire      37%        6-21      1%          3
 Flame Wave               Conj/Fire      37%        2d9       5%          4
 Ozocubu's Armour         Ice            9%         N/A       21%         3
 Metabolic Englaciation   Hex/Ice        9%         N/A       63%         5
 Simulacrum               Ice/Necr       4%         N/A       100%        6


Dungeon Overview and Level Annotations

Branches:
Dungeon (7/15)
 Temple: D:4-7

Altars:
Cheibriados
Gozag
Makhleb
Xom
Zin
The Shining One

Shops:
D:5 (

Portals:
Sewer: D:5


Message History

The jackal misses you.
An orc comes into view. It is wielding a +0 mace.
The hound barely misses you. The orc completely misses you.
The jackal bites you but does no damage.
The hound bites you. The hound bites you. The jackal barely misses you.
The hound bites you but does no damage.
Found a ring mail.
The bullfrog skeleton barely misses you.
The hornet buzzes angrily.
The sky beast flickers out of sight!
The hound barely misses you.
A sky beast appears from thin air!
Reactivating autopickup.
The sky beast misses you. The hound barely misses you.
A worm comes into view.
Found a dagger.
The sky beast hits you but does no damage.
You hit the worm. Your punch misses the worm.
The worm is lightly wounded.
The hound stops to sniff the ground.
The hound misses you.
The sky beast flickers out of sight!
Deactivating autopickup; reactivate with Ctrl-A.
Something hits you. Something shocks you. The hound barely misses you.
The worm barely misses you.
Found an inky potion.
Found a glowing drain.
A sky beast appears from thin air!
Reactivating autopickup.
The worm misses you. The hound misses you.
A river rat comes into view.
You enter the shallow water.
Moving in this stuff is going to be slow.
The hound bites you.
The sky beast flickers out of sight!
Deactivating autopickup; reactivate with Ctrl-A.
Something hits you. Something shocks you.
The hound bites you but does no damage.
A sky beast appears from thin air!
Reactivating autopickup.
The river rat bites you!
* * * LOW HITPOINT WARNING * * *
The river rat barely misses you. The river rat bites you!
You die...

#...........$.
...#..###.............
...........#.......... .
#≈≈.≈≈##..##.........
..##≈≈!≈≈##...#..#......
..≈≈≈....≈≈...#Z[#......
..≈≈.....≈o.).#.........
..≈≈..∩≈r....oy...#.....
#.≈≈...@hhw.{.≈#####....
#.≈≈...rY≈h≈....# ##...
#.##≈≈≈≈≈##....#.# ... ##
## .##≈≈≈≈≈##.#......
#..#.##..≈........###.....#
##....<#..####.#.... .....#
#.........(...(.##...
#.....
........#.###.l....... ....
....#...###


You could see a hornet, a sky beast, a worm, an iguana (asleep), a hound, 2
river rats, 2 orcs and 2 jackals.

Vanquished Creatures
  Pikel (D:3)
  Eustachio (D:4)
  Menkaure (D:6)
  2 water moccasins
  A sky beast (D:6)
  An ogre (D:6)
  2 phantoms
  A scorpion (D:4)
  A wyvern skeleton (D:6)
  A hound (D:4)
  2 jellies
  An orc priest (D:5)
  A bullfrog skeleton (D:4)
  An iguana (D:4)
  A hound skeleton (D:5)
  5 adders
  A shadow imp (D:6)
  A dart slug (D:2)
  4 orcs
  6 endoplasms
  3 giant cockroaches
  7 hobgoblins
  10 jackals
  5 kobolds
  3 quokkas
  8 ball pythons
  6 bats
  2 frilled lizards
  3 goblins
  3 rats
85 creatures vanquished.

Vanquished Creatures (others)
  34 foxfires
  4 plants (D:3)
38 creatures vanquished.

Grand Total: 123 creatures vanquished

Notes
Turn   | Place    | Note
-------+----------+-------------------------------------------
     0 | D:1      | Zeld the Deep Elf Fire Elementalist began the quest for the
                  | Orb.
     0 | D:1      | Reached XP level 1. HP: 10/10 MP: 6/6
   301 | D:1      | Reached XP level 2. HP: 7/15 MP: 1/8
   308 | D:1      | Learned a level 2 spell: Scorch
  1621 | D:2      | Reached XP level 3. HP: 19/19 MP: 5/10
  1625 | D:2      | Learned a level 3 spell: Inner Flame
  1640 | D:2      | Reached skill level 4 in Spellcasting
  2155 | D:2      | Found a shimmering altar of Xom.
  2412 | D:3      | Found a faded altar of an unknown god.
  2419 | D:3      | Reached XP level 4. HP: 12/24 MP: 4/12
  2608 | D:3      | Noticed a water moccasin
  2612 | D:3      | Killed a water moccasin
  2613 | D:3      | Reached skill level 1 in Hexes
  2613 | D:3      | Reached XP level 5. HP: 28/28 MP: 9/14
  2655 | D:3      | Found a snail-covered altar of Cheibriados.
  2803 | D:3      | Found a glowing golden altar of the Shining One.
  2946 | D:3      | Noticed a phantom
  2952 | D:3      | Killed a phantom
  2953 | D:3      | Reached skill level 5 in Spellcasting
  3295 | D:3      | Reached XP level 6. HP: 32/32 MP: 8/15
  3507 | D:4      | Reached skill level 5 in Fire Magic
  3846 | D:4      | Noticed Eustachio
  3856 | D:4      | Killed Eustachio
  3857 | D:4      | Reached skill level 6 in Spellcasting
  3871 | D:4      | Reached XP level 7. HP: 7/36 MP: 2/18
  4134 | D:4      | Noticed Pikel
  4726 | D:3      | Found a faded altar of an unknown god.
  4771 | D:3      | Found a snail-covered altar of Cheibriados.
  4797 | D:3      | Killed Pikel
  4798 | D:3      | Reached skill level 7 in Spellcasting
  4881 | D:3      | Found a glowing golden altar of the Shining One.
  5264 | D:4      | Reached XP level 8. HP: 38/41 MP: 15/20
  5360 | D:4      | Found a burning altar of Makhleb.
  5567 | D:4      | Found an opulent altar of Gozag.
  5567 | D:4      | Found a glowing silver altar of Zin.
  5589 | D:5      | Entered Level 5 of the Dungeon
  5608 | D:5      | Found Vit Nupy's Hydra Hut.
  5609 | D:5      | Noticed a hornet
  5612 | D:5      | Reached skill level 5 in Dodging
  5662 | D:5      | You fall into a shaft and drop 2 floors!
  6085 | D:6      | Noticed Menkaure
  6087 | D:6      | Killed Menkaure
  6088 | D:6      | Reached skill level 8 in Spellcasting
  6290 | D:5      | Found a glowing drain.
  6296 | D:5      | Slain by a river rat

Illustrated notes

Levels and vault maps discovered:
D:1:      minmay_arrival_four_houses, layout_rooms, minmay_tall_x
D:2:      layout_rooms, basic_altar, grunt_decor_cap, nrook_campfire
D:3:      layout_basic, nicolae_overflow_hidden_temple,
          mainiacjoe_overflow_chevrons, shapermc_ecumenical_altar_acropolis
D:4:      layout_cave_pools, grunt_temple_overflow_gold_and_silver,
          makhleb_blood_cavern_becter, uniq_pikel, uniq_eustachio
D:5:      layout_cave_pools, minmay_temple_entry_fiery,
          cheibrodos_sewer_entry_sluice, doesnt_shop_hydraphobe,
          uniq_blork_the_orc
D:6:      layout_loops_cross, lemuel_coloured_pillars_altar, uniq_edmund,
          uniq_menkaure, uniq_maggie
D:7:      layout_basic, yredelemnul_forgotten_temple_becter,
          lemuel_doored_altar, mainiacjoe_overflow_small_starburst,
          minmay_hollow_rounded_squares

Skill      XL: |  1  2  3  4  5  6  7  8 |
---------------+-------------------------+-----
Spellcasting   | 4 5 6 7 8 |  8.5
Dodging        | 3 4 5 |  5.7
Fire Magic     | 4 5 6 7 |  7.4
Conjurations   | 2 3 4 |  4.5
Hexes          | 1 2 3 4 |  4.0
Stealth        | |  2.4

Action                   |  1- 3 |  4- 6 |  7- 9 || total
-------------------------+-------+-------+-------++-------
Melee: Unarmed           |    31 |     4 |     6 ||    41
 Cast: Foxfire           |    25 |       |     2 ||    27
       Scorch            |    36 |    43 |    42 ||   121
       Inner Flame       |       |       |     1 ||     1
Evoke: Wand              |       |     1 |       ||     1
 Stab: Sleeping          |       |     1 |       ||     1
Armor: Robe              |    13 |     2 |     7 ||    22
Dodge: Dodged            |    46 |    21 |    24 ||    91
